 Dungeon Crawl Stone Soup version 0.32-a0-999-gfa1cc04b1d (webtiles) character file.

Game seed: 10830815442345232509

8911 dialectric the Grappler (level 11, 0/122 HPs)
             Began as a Troll Shapeshifter on Apr 24, 2024.
             Was an Initiate of Gozag.
             Slain by an orc warrior
             ... wielding a +0 hand axe
              (8 damage)
             ... on level 11 of the Dungeon.
             The game lasted 00:18:57 (9194 turns).

dialectric the Grappler (Troll Shapeshifter)        Turns: 9194, Time: 00:18:58

Health: 0/122      AC:  4    Str: 26    XL:     11   Next: 16%
Magic:  10/10      EV: 16    Int:  2    God:    Gozag
Gold:   1771       SH:  5    Dex: 11    Spells: 10/10 levels left

rFire   . . .        E - +8 short sword "Ubogis" {spect, rC+ Will+ Int-4}
rCold   + . .        (no shield)
rNeg    . . .        a - +0 animal skin
rPois   .            (helmet currently unavailable)
rElec   .            (cloak currently unavailable)
rCorr   .            (gloves unavailable)
SInv    .            (boots unavailable)
Will    +....        M - amulet of reflection
Stlth   +            K - +5 ring of evasion
HPRegen 2.80/turn    (no ring)
MPRegen 0.12/turn

%: reflection
@: beast-form, gold aura
A: beast (slay +4), large, unfitting armour, claws 3, regeneration 3, shaggy fur
1, tough skin 1, robust 1
a: Begin Untransformation, Renounce Religion, Potion Petition, Call Merchant,
Bribe Branch


You were on level 11 of the Dungeon.
You worshipped Gozag.
Gozag was most pleased with you.
You were a hulking beast.
You visited 2 branches of the dungeon, and saw 12 of its levels.
You also visited: Bailey.

You collected 1889 gold pieces.
You paid 118 gold pieces to Gozag.

Inventory:

Hand Weapons
 g - a +0 trident
 q - a +0 morningstar
 v - a +1 triple sword of holy wrath
 C - the +6 orcbow of Melee {antimagic, ^Contam ^Fragile Str+5}
   (You found it in a bailey)

   Str+5:     It affects your strength (+5).
   ^Contam:   It causes magical contamination when unequipped.
   ^Fragile:  It will be destroyed if unequipped.
 E - the +8 short sword "Ubogis" (weapon) {spect, rC+ Will+ Int-4}
   (You took it off a centaur on level 7 of the Dungeon)

   Int-4:     It affects your intelligence (-4).
   rC+:       It protects you from cold.
   Will+:     It increases your willpower.
Missiles
 i - 30 javelins (quivered)
 m - 14 poisoned darts
 w - 8 curare-tipped darts
 B - 4 large rocks
 L - a throwing net
Armour
 a - a +0 animal skin (worn)
 u - a +0 cloak
Jewellery
 y - a ring of fire
 A - a ring of ice
 G - a ring of protection from cold
 H - a ring of wizardry
 J - a +6 ring of intelligence
 K - a +5 ring of evasion (left claw)
 M - an amulet of reflection (around neck)
Talismans
 c - a beast talisman (active)
 d - a flux talisman
Wands
 o - a wand of warping (10)
 x - a wand of acid (1)
Scrolls
 f - 2 scrolls of torment
 h - a scroll of acquirement {unknown}
 j - a scroll of fog {unknown}
 k - 5 scrolls of teleportation
 l - 2 scrolls of immolation {unknown}
 n - 2 scrolls of amnesia
 r - 4 scrolls of identify
 s - 5 scrolls of enchant weapon
 z - a scroll of vulnerability
 D - a scroll of blinking {unknown}
 F - a scroll of enchant armour {unknown}
Potions
 b - 2 potions of lignification
 e - 3 potions of might
 p - 2 potions of mutation
 I - 3 potions of haste {unknown}


   Skills:
 - Level 8.1 Fighting
 - Level 1.1 Throwing
 + Level 4.0 Armour
 + Level 6.6 Dodging
 + Level 8.3 Unarmed Combat
 - Level 8.1 Shapeshifting


You had 10 spell levels left.
You didn't know any spells.
Your spell library contained the following spells:

 Spells                   Type           Power      Damage    Failure   Level
 Blink                    Tloc           0%         N/A       69%         2
 Lesser Beckoning         Tloc           0%         N/A       69%         2
 Momentum Strike          Conj/Tloc      0%         3d8       69%         2


Dungeon Overview and Level Annotations

Branches:
Dungeon (11/15)            Temple (1/1) D:6             Orc (0/2) D:9
 Bailey (visited)
   Lair: D:8-11

Altars:
Ashenzari
Cheibriados
Dithmenos
Fedhas
Gozag
Hepliaklqana
Kikubaaqudgha
Nemelex Xobeh
Okawaru
Ru
Trog
Uskayaw
Vehumet
Wu Jian
Xom
Yredelemnul
Zin
The Shining One

Annotations:
D:9 Erica
D:10 Lodul, Maggie


Innate Abilities, Weirdness & Mutations

You are a hulking beast.
Your limbs bulge with bestial killing power. (Slay +4)
You are too large for most types of armour.
You have claws for hands.
You regenerate.
You are covered in fur. (AC +1)
You have tough skin. (AC +1)
You are robust. (+10% HP)


Message History

The orc warrior closely misses you.
You puncture the boulder beetle!
The boulder beetle is no longer distracted by gold.
The boulder beetle is severely wounded.
Your +8 short sword "Ubogis" {spect, rC+ Will+ Int-4} hits the boulder beetle but does no damage.
The boulder beetle bites you!! The orc priest hits you with a +0 whip.
The orc warrior hits you with a +0 hand axe!
* * * LOW HITPOINT WARNING * * *
You are too injured to fight recklessly!
Unknown command.
You barely miss the boulder beetle.
The boulder beetle is severely wounded.
Your +8 short sword "Ubogis" {spect, rC+ Will+ Int-4} hits the boulder beetle but does no damage.
The orc priest calls down the wrath of Beogh upon you.
You easily resist.
The boulder beetle bites you!
* * * LOW HITPOINT WARNING * * *
You block the orc warrior's attack.
You are too injured to fight recklessly!
You hit the boulder beetle but do no damage.
The boulder beetle is severely wounded.
Your +8 short sword "Ubogis" {spect, rC+ Will+ Int-4} hits the boulder beetle but does no damage.
The boulder beetle bites your +8 short sword "Ubogis" {spect, rC+ Will+ Int-4}!!
Your spectral weapon shares its damage with you!
* * * LOW HITPOINT WARNING * * *
The orc priest misses you.
The orc warrior hits you with a +0 hand axe!
* * * LOW HITPOINT WARNING * * *
You feel better.
Your +8 short sword "Ubogis" {spect, rC+ Will+ Int-4} disappears.
The boulder beetle bites you!
* * * LOW HITPOINT WARNING * * *
The orc priest calls upon Beogh to heal the orc warrior.
The orc warrior is healed somewhat.
You block the orc warrior's attack.
Unknown command.
You feel better. The orc priest hits you with a +0 whip.
* * * LOW HITPOINT WARNING * * *
The boulder beetle leaps!
The orc warrior hits you with a +0 hand axe!
You die...
Your body crumbles into a pile of gold.

#. ###. #######'###
###########
..........####..........
..........#.............
........$B#.##..........
.......$$.$.##..........
........$.####..........
.......°o.# ###########
.......ho.# ###########


You could see a boulder beetle, an orc warrior and an orc priest.

Vanquished Creatures
  A two-headed ogre (D:9)
  A komodo dragon (D:11)
  Grinder (D:5)
  Eustachio (D:5)
  2 wyverns (D:8)
  A wraith (D:11)
  2 yaks (D:11)
  4 vampire mosquitoes (D:11)
  Menkaure (D:4)
  3 water moccasins
  An ice beast (D:11)
  10 orc warriors
  2 sky beasts
  2 ogres
  A phantom (D:4)
  17 centaurs
  2 kobold brigands
  Blork the orc (D:4)
  4 scorpions
  4 bullfrogs
  A gnoll sergeant (D:8)
  8 wights
  16 killer bees
  An electric eel (D:8)
  2 howler monkeys
  A bombardier beetle (D:7)
  A jelly (D:4)
  11 orc priests
  5 hounds
  Crazy Yiuf (D:5)
  A gnoll bouda (D:6)
  2 iguanas
  8 orc wizards
  Robin (D:3)
  10 adders
  12 gnolls
  A shadow imp (D:6)
  A white imp (D:5)
  4 ufetubi (D:7)
  2 dart slugs
  3 ribbon worms
  68 orcs
  4 bat skeletons (D:11)
  2 bat zombies (D:11)
  9 endoplasms
  11 hobgoblins
  6 jackals (D:2)
  17 kobolds
  2 quokkas
  8 ball pythons
  7 bats
  3 frilled lizards
  17 goblins
  8 rats
  A spectral goblin (D:5)
316 creatures vanquished.

Vanquished Creatures (others)
  A centaur (D:11)
1 creature vanquished.

Grand Total: 317 creatures vanquished

Notes
Turn   | Place    | Note
-------+----------+-------------------------------------------
     0 | D:1      | dialectric the Troll Shapeshifter began the quest for the
                  | Orb.
     0 | D:1      | Reached XP level 1. HP: 18/18 MP: 0/0
   156 | D:1      | Reached skill level 1 in Fighting
   199 | D:1      | Reached XP level 2. HP: 27/27 MP: 1/1
   984 | D:2      | Reached XP level 3. HP: 33/33 MP: 2/2
   988 | D:2      | Found a faded altar of an unknown god.
  1065 | D:2      | Identified the +5 leather armour of the Game Afoot {Fly
                  | rElec Int-2 SInv}
  1425 | D:2      | Reached XP level 4. HP: 42/42 MP: 3/3
  1930 | D:4      | Noticed Menkaure
  1934 | D:4      | Killed Menkaure
  1935 | D:4      | Reached XP level 5. HP: 44/50 MP: 4/4
  2039 | D:4      | Noticed Robin
  2042 | D:4      | Noticed a phantom
  2069 | D:3      | Killed Robin
  2098 | D:4      | Killed a phantom
  2099 | D:4      | Reached XP level 6. HP: 60/61 MP: 5/5
  2133 | D:4      | Noticed Blork the orc
  2143 | D:4      | Killed Blork the orc
  2534 | D:5      | Entered Level 5 of the Dungeon
  2539 | D:5      | Noticed Grinder
  2546 | D:5      | Paralysed by Grinder for 2 turns
  2560 | D:5      | Killed Grinder
  2561 | D:5      | Reached XP level 7. HP: 28/70 MP: 6/6
  2705 | D:5      | Found a snail-covered altar of Cheibriados.
  2755 | D:5      | Gained mutation: Your body sometimes deteriorates upon
                  | taking damage. [potion of mutation]
  2756 | D:5      | Lost mutation: Your body sometimes deteriorates upon taking
                  | damage. [potion of mutation]
  2756 | D:5      | Gained mutation: You heal very quickly. [potion of
                  | mutation]
  2756 | D:5      | Gained mutation: You regenerate. [potion of mutation]
  2756 | D:5      | Gained mutation: You are robust. (+10% HP) [potion of
                  | mutation]
  2808 | D:5      | Reached skill level 5 in Unarmed Combat
  2965 | D:5      | Found a hazy altar of Hepliaklqana.
  3108 | D:5      | Noticed Eustachio
  3145 | D:5      | Killed Eustachio
  3146 | D:5      | Reached XP level 8. HP: 74/86 MP: 7/7
  3225 | D:5      | Reached skill level 5 in Shapeshifting
  3344 | D:5      | Found a runed translucent door.
  3345 | D:5      | Noticed Crazy Yiuf
  3478 | D:5      | Killed Crazy Yiuf
  3479 | D:5      | Reached skill level 5 in Fighting
  4031 | D:6      | Found a shadowy altar of Dithmenos.
  4042 | D:6      | Found a staircase to the Ecumenical Temple.
  4098 | D:6      | Found an opulent altar of Gozag.
  4342 | Temple   | Entered the Ecumenical Temple
  4398 | D:6      | Became a worshipper of Gozag Ym Sagoz the Greedy
  4525 | D:7      | Reached XP level 9. HP: 97/97 MP: 8/8
  4832 | D:7      | Identified the +8 short sword "Ubogis" {spect, rC+ Will+
                  | Int-4}
  4849 | D:7      | HP: 4/90 [+8 short sword "Ubogis" {spect, rC+ Will+
                  | Int-4}[a centaur] (6)]
  4902 | D:7      | Reached skill level 5 in Dodging
  5437 | D:8      | Reached skill level 1 in Armour
  5596 | D:8      | Found an iron altar of Okawaru.
  5670 | D:8      | Reached XP level 10. HP: 54/112 MP: 9/9
  5697 | D:8      | Found a flagged portal.
  5709 | Bailey   | Entered a bailey
  6856 | Bailey   | Identified the +6 orcbow of Melee {antimagic, ^Contam
                  | ^Fragile Str+5}
  7202 | D:8      | Found a bloodstained altar of Trog.
  7331 | D:8      | Reached skill level 1 in Throwing
  7850 | D:9      | Noticed Erica
  7850 | D:9      | Noticed a two-headed ogre
  8240 | D:9      | Killed a two-headed ogre
  8284 | D:9      | Found a staircase to the Orcish Mines.
  8430 | D:10     | Entered Level 10 of the Dungeon
  8459 | D:10     | Noticed Lodul
  8493 | D:10     | Noticed Maggie
  8575 | D:11     | Reached XP level 11. HP: 120/122 MP: 10/10
  8805 | D:11     | Noticed a two-headed ogre
  8806 | D:11     | Noticed a boulder beetle
  8946 | D:11     | Found an ancient bone altar of Kikubaaqudgha.
  9192 | D:11     | HP: 5/122 [orc warrior/+0 hand axe (8)]
  9193 | D:11     | HP: 1/122 [boulder beetle (13)]
  9194 | D:11     | Slain by an orc warrior

Illustrated notes

Levels and vault maps discovered:
D:1:      sevenhm_arrival_forest_fort_small_4, layout_loops_corners
D:2:      layout_loops_ring, shapermc_ecumenical_altar_mp_highgroup
D:3:      layout_rooms, grunt_ministairs_9, chequers_serial_rivers_micro_c
D:4:      layout_basic, serial_curves, eino_curves_03, eino_curves_01,
          kennysheep_small_square, uniq_menkaure, uniq_robin, uniq_blork_the_orc
D:5:      layout_loops_cross, amcnicky_altar_gilded,
          nicolae_hepliaklqana_monster_ancestors, uniq_crazy_yiuf_cottage,
          uniq_grinder, uniq_eustachio
D:6:      layout_loops_ring, nicolae_gozag_seed_capital,
          nicolae_dithmenos_shadow_blocks, minmay_temple_entry_mist,
          ebering_ghost_rock_garden, minmay_fractal_squares_diagonal_5
D:7:      layout_basic, grunt_decor_mini_mirrors, chequers_mini_garden,
          serial_library_hellmonk_room_b
D:8:      layout_loops_cross, nicolae_overflow_squiral,
          lightli_bailey_entry_fortress, hangedman_abyss_or_decor_lesser_grid,
          kennysheep_donut
D:9:      minmay_bloctagon_deflated, layout_irregular_city,
          amethyst_overflow_temple_binary, orc_0_dummy, uniq_erica
D:10:     layout_stronghold, makhleb_altar_promises_db,
          nicolae_elyvilon_peaceful_grove, hellmonk_lair_entry_icy, uniq_snorg,
          uniq_lodul, uniq_maggie
D:11:     layout_roguey [special_room_orc], moated_statue,
          kennysheep_vampire_church
Temple:   hellmonk_temple_two_chambers

Skill      XL: |  1  2  3  4  5  6  7  8  9 10 11 |
---------------+----------------------------------+-----
Fighting       | 1 2 3 4 6 7 8 |  8.1
Dodging        | 2 3 4 5 6 |  6.6
Unarmed Combat | 4 5 6 7 8 |  8.3
Shapeshifting  | 4 5 6 7 8 |  8.1
Armour         | 1 3 4 |  4.0
Throwing       | 1 |  1.1

Action                     |  1- 3 |  4- 6 |  7- 9 | 10-12 || total
---------------------------+-------+-------+-------+-------++-------
  Melee: Unarmed           |    98 |   122 |   353 |    64 ||   637
         Punch             |     2 |       |    12 |     5 ||    19
         Short sword       |       |       |       |   285 ||   285
         Trident           |       |       |       |    72 ||    72
  Throw: Dart              |       |       |       |    54 ||    54
         Javelin           |       |       |       |     4 ||     4
         Large rock        |       |       |       |     4 ||     4
  Evoke: Wand              |       |       |     4 |     3 ||     7
    Use: Scroll            |     1 |     2 |     5 |     4 ||    12
         Potion            |       |       |     6 |     5 ||    11
   Stab: Sleeping          |     1 |       |       |       ||     1
         Distracted        |       |       |     1 |     3 ||     4
 Armour: Animal skin       |    63 |    85 |   291 |   512 ||   951
         Skin              |       |       |    77 |   102 ||   179
  Dodge: Dodged            |    50 |    43 |   175 |   633 ||   901
  Block: Other             |       |       |       |     9 ||     9

Table legend: (Time is in decaauts)
 A = Elapsed time spent in this place.
 B = Non-inter-level travel time spent in this place.
 C = Inter-level travel time spent in this place.
 D = Time resting spent in this place.
 E = Time spent auto-exploring this place.
 F = Levels seen in this place.
 G = Mean time per level.
                   A        B        C        D        E       F      G
               +--------+--------+--------+--------+--------+-----+--------+
         Total |   9171 |   8838 |    333 |    500 |   5315 |  13 |  705.5 |
       Dungeon |   7687 |   7355 |    332 |    270 |   4849 |  11 |  698.8 |
        Temple |     17 |     17 |      0 |      0 |      0 |   1 |   17.0 |
        Bailey |   1466 |   1466 |      0 |    230 |    466 |   1 | 1466.0 |
               +--------+--------+--------+--------+--------+-----+--------+

Top non-repeatable levels by time:
  Bailey: 1466 daAuts
     D:8: 1148 daAuts
     D:5: 999 daAuts
     D:7: 939 daAuts
     D:1: 912 daAuts
     D:6: 841 daAuts
    D:11: 674 daAuts
     D:2: 612 daAuts
     D:4: 575 daAuts
     D:9: 465 daAuts
     D:3: 419 daAuts
    D:10: 98 daAuts
  Temple: 17 daAuts
